 Dungeon Crawl Stone Soup version 0.17-a0-2064-g265a032 (webtiles) character file.

447456 truemonolith the Sorcerer (level 23, -69/139 HPs)
             Began as a Deep Elf Conjurer on Oct 8, 2015.
             Was the Champion of Vehumet.
             Blown up by a lich (92 damage)
             ... with an orb of destruction
             ... on level 5 of the Vaults on Oct 12, 2015.
             The game lasted 08:08:23 (90947 turns).

truemonolith the Sorcerer (Deep Elf Conjurer)      Turns: 90947, Time: 08:08:24

Health: -69/139    AC: 20    Str:  5    XL:     23   Next: 13%
Magic:  5/61       EV: 24    Int: 30    God:    Vehumet [******]
Gold:   3060       SH:  7    Dex: 16    Spells: 10 memorised, 22 levels left

rFire  + + .     SeeInvis +     n - +9 lance "Wyrmbane" {slay drac, +Rage rPois rF+ AC+5}
rCold  + . .     Clarity  .     L - +2 robe {rC+ rF+}
rNeg   . . .     SustAt   .     c - +2 buckler
rPois  +         Gourm    .     J - +2 hat
rElec  .         Spirit   .     q - +1 cloak of the Gastropod {Regen+}
rCorr  +         Warding  .     a - +2 pair of gloves
rMut   .         Stasis   .     N - +1 pair of boots
MR     ++...                    S - amulet of resist corrosion
Stlth  ++........               m - ring of magical power
                                I - ring of wizardry

@: deflect missiles, very resistant to hostile enchantments, unstealthy
A: see invisible, shaggy fur 1
a: Renounce Religion, Evoke Berserk Rage
}: 2/15 runes: serpentine, barnacled


You were on level 5 of the Vaults.
You worshipped Vehumet.
Vehumet was exalted by your worship.
You were not hungry.

You visited 8 branches of the dungeon, and saw 44 of its levels.
You also visited: Labyrinth.

You collected 4761 gold pieces.
You spent 1701 gold pieces at shops.

Inventory:

Hand Weapons
 n - the +9 lance "Wyrmbane" (weapon) {slay drac, +Rage rPois rF+ AC+5}
   (You found it on level 8 of the Lair of Beasts)

   It affects your AC (+5).
   It protects you from fire.
   It protects you from poison.
   It lets you go berserk.
 Q - the +5 pair of quick blades "Gyre" and "Gimble" {pierce, Dex-3}
   (You took it off a deep elf fighter on level 3 of the Elven Halls)

   It inflicts extra damage upon your enemies.
   It affects your dexterity (-3).
Armour
 a - a +2 pair of gloves (worn)
 c - a +2 buckler (worn)
 f - the +1 leather armour of Valour {rF+ MP+9 Int+2}
   (You found it on level 1 of the Shoals)

   It affects your intelligence (+2).
   It protects you from fire.
   It affects your magic capacity (+9).
 q - the +1 cloak of the Gastropod (worn) {Regen+}
   (You bought it in a shop on level 4 of the Orcish Mines)

   It increases your rate of regeneration.
 J - a +2 hat (worn)
 L - a +2 robe of resistance (worn)
 N - a +1 pair of boots (worn)
Magical Staves
 y - an uncursed staff of energy
 W - an uncursed staff of wizardry
Jewellery
 m - a ring of magical power (right hand)
 I - a ring of wizardry (left hand)
 S - an amulet of resist corrosion (around neck)
Wands
 D - a wand of digging (11)
 T - a wand of paralysis (12)
Scrolls
 e - 6 scrolls of fog
 g - 2 scrolls of holy word
 h - 15 scrolls of remove curse
 u - a scroll of recharging
 x - 2 scrolls of magic mapping
 B - a scroll of silence
 G - 2 scrolls of noise
Potions
 b - a potion of brilliance
 j - 3 potions of flight
 o - a potion of cancellation
 v - a potion of might
 w - a potion of ambrosia
 O - 2 potions of cure mutation
 P - 2 potions of agility
 U - 6 potions of curing
Comestibles
 i - 3 meat rations
 K - 2 royal jellies


   Skills:
 + Level 12.8 Fighting
 - Level 7.4 Armour
 - Level 17.0 Dodging
 - Level 2.4 Stealth
 - Level 2.8 Shields
 - Level 23.0 Spellcasting
 - Level 21.4 Conjurations
 - Level 2.9 Hexes
 - Level 12.8 Charms
 - Level 5.0 Summonings
 - Level 20.5 Fire Magic
 - Level 5.8 Air Magic


You had 22 spell levels left.
You knew the following spells:

 Your Spells              Type           Power        Failure   Level  Hunger
a - Magic Dart            Conj           ####         0%          1    None
b - Dazzling Spray        Conj/Hex       #######.     1%          3    None
c - Iskenderun's Battles  Conj/Chrm      #######.     1%          5    None
d - Iskenderun's Mystic   Conj           ########     0%          4    None
e - Blink                 Tloc           N/A          1%          2    None
f - Spellforged Servitor  Conj/Summ      #######...   1%          7    #......
g - Orb of Destruction    Conj           ########..   1%          7    #......
h - Fire Storm            Conj/Fire      ########..   2%          9    ######.
i - Deflect Missiles      Chrm/Air       ######....   1%          6    None
j - Call Imp              Summ           ######..     1%          2    None


Dungeon Overview and Level Annotations

Branches:
Dungeon (15/15)            Temple (1/1) D:4            Lair (8/8) D:10
 Shoals (4/4) Lair:5        Snake (4/4) Lair:5        Slime (0/6) Lair:7
    Orc (4/4) D:11            Elf (3/3) Orc:3        Vaults (5/5) D:13
  Crypt (0/3) Vaults:3     Depths (0/5) D:15

Altars:
Ashenzari
Cheibriados
Dithmenos
Elyvilon
Fedhas
Gozag
Kikubaaqudgha
Makhleb
Nemelex Xobeh
Okawaru
Qazlal
Ru
Sif Muna
Trog
Vehumet
Xom
Yredelemnul
Zin
The Shining One
Beogh
Jiyva

Shops:
D:9 ?   D:11 (*   D:12 =::(   Orc:4 =[*(:   Elf:1 [   Elf:3 !   Shoals:4 (
Vaults:1 *

Portals:
Trove: D:13 (give +4 storm dragon armour)


Innate Abilities, Weirdness & Mutations

You have supernaturally acute eyesight.
You are covered in fur (AC +1).


Message History

An ettin comes into view. It is wielding two dire flails.
The vault warden closely misses you.
The lich launches a ball of destructive magic.
The yaktaur captain unwields an uncursed arbalest.
The yaktaur captain wields an uncursed quarterstaff of crushing.
The yaktaur captain hits you with an uncursed quarterstaff of crushing!!
* * * LOW HITPOINT WARNING * * *
x2 The vault warden activates a sealing rune. x2
Casting: Orb of Destruction
Confirm with . or Enter, or press ? or * to list all spells.
You don't know that spell.
Read which item? (? for menu, Esc to quit)
Okay, then.
Casting: Orb of Destruction
Confirm with . or Enter, or press ? or * to list all spells.
You blink.
The ettin shouts in stereo!
The orb of destruction hits you!
Ouch! That really hurt!
You die...

# ## .. .
...#####################
..C.L§§...§.............
.......@.pc..$........).
########################


You could see a vault warden, a lich (invisible), a yaktaur captain and an
ettin.

Vanquished Creatures
  Mara (Shoals:4)
  Frederick (Vaults:3)
  A golden dragon (Vaults:4)
  Jorgrun (Elf:3)
  Rupert (Orc:4)
  2 liches
  Asterion (Vaults:1)
  A titan (Vaults:5)
  2 deep elf master archers (Elf:3)
  4 deep elf blademasters (Elf:3)
  A kraken (Shoals:4)
  Polyphemus (Shoals:3)
  2 storm dragons
  A shadow dragon (Vaults:4)
  2 fire giants
  Ilsuiw (Shoals:4)
  3 tengu reavers
  9 greater nagas
  2 frost giants
  Donald (Shoals:3)
  16 vault wardens
  8 deep elf sorcerers
  Maud (Lair:7)
  An azure jelly (shapeshifter) (D:15)
  Aizul (Shoals:1)
  Louise (D:14)
  2 orc warlords (Orc:4)
  A war gargoyle (Vaults:4)
  10 stone giants
  15 ironheart preservers
  3 very ugly things
  Nessos (D:14)
  8 deep elf annihilators
  9 deep elf demonologists
  2 salamander stormcallers
  7 deep elf death magi
  7 ettins
  A minotaur (Lab)
  The ghost of tp1 the Cleaver, a journeyman GrBe of Trog (Lair:6)
  Snorg (D:14)
  7 merfolk javelineers
  35 vault guards
  A fire dragon (Vaults:2)
  2 deep elf high priests
  10 merfolk impalers
  4 great orbs of eyes
  7 yaktaur captains
  14 naga warriors
  14 ogre magi
  An ice dragon (Vaults:2)
  A ghost crab (shapeshifter) (Vaults:4)
  11 hydras
  A rakshasa (Vaults:2)
  Erolcha (D:9)
  3 merfolk avatars (Shoals:3)
  3 catoblepae
  5 merfolk aquamancers
  8 centaur warriors
  4 satyrs
  10 anacondas
  3 alligator snapping turtles (Shoals:4)
  A deep troll shaman (Lair:8)
  15 dancing weapons
  An anaconda (shapeshifter) (Vaults:5)
  3 orc high priests (Orc:4)
  28 death yaks
  A tengu warrior (D:13)
  8 naga sharpshooters
  8 shock serpents
  A deep troll earth mage (Vaults:4)
  15 deep elf knights
  A sun demon (D:15)
  An ice devil (D:15)
  3 salamander mystics
  A fire crab (shapeshifter) (Vaults:3)
  A fire crab (Vaults:3)
  11 deep trolls
  13 skeletal warriors
  5 giant orange brains
  A storm dragon skeleton (Vaults:2)
  13 ironbrand convokers
  4 unseen horrors
  3 naga ritualists
  2 shadow wraiths
  A sea snake (shapeshifter) (Vaults:5)
  13 sea snakes
  2 wizards
  A flayed ghost (Vaults:5)
  5 deep elf summoners
  Pikel (D:4)
  7 necromancers
  6 hill giants
  13 harpies
  18 deep elf conjurers
  2 wolf spider zombies
  A shadow dragon zombie (Vaults:5)
  3 unseen horrors (shapeshifter)
  6 wolf spiders
  2 lindwurms
  6 mana vipers
  15 cyclopes
  2 human zombies
  A frost giant zombie (Vaults:2)
  17 orc knights
  A wolf spider (shapeshifter) (D:15)
  2 hornets (Vaults:4)
  3 ugly things
  A faun (shapeshifter) (Elf:2)
  13 fauns
  9 water nymphs
  7 manticores
  A fire giant zombie (Vaults:5)
  11 salamanders
  27 vault sentinels
  A hornet (shapeshifter) (D:15)
  10 orc sorcerers
  15 elephants
  A guardian serpent (shapeshifter) (Vaults:4)
  13 griffons
  5 guardian serpents
  A moth of wrath (shapeshifter) (Vaults:4)
  43 black mambas
  Joseph (D:7)
  4 centaur zombies
  10 sirens
  39 naga magi
  A gargoyle (D:13)
  A torpor snail (Lair:8)
  2 black mambas (shapeshifter)
  37 yaktaurs
  4 centaur skeletons
  A tengu conjurer (D:13)
  A redback zombie (D:15)
  A small abomination (Elf:3)
  9 kobold demonologists
  11 komodo dragons
  A yaktaur skeleton (Vaults:2)
  20 deep elf priests
  A fire drake (shapeshifter) (Vaults:4)
  11 spiny frogs
  3 fire drakes
  A troll (shapeshifter) (D:15)
  34 merfolk
  5 freezing wraiths
  5 wind drakes
  22 two-headed ogres
  A queen bee (D:9)
  2 polar bears
  A harpy skeleton (D:14)
  Prince Ribbit (D:8)
  4 trolls
  6 boulder beetles
  A boulder beetle (shapeshifter) (Vaults:3)
  A fire giant simulacrum (Vaults:1)
  25 blink frogs
  12 snapping turtles
  A spriggan (shapeshifter) (Vaults:2)
  24 slime creatures
  3 shadows
  An ettin skeleton (Vaults:5)
  A spriggan (D:8)
  A trapdoor spider (D:15)
  47 deep elf fighters
  36 deep elf magi
  3 wraiths
  A wyvern (shapeshifter) (Vaults:1)
  A tarantella (shapeshifter) (Vaults:5)
  A hog (shapeshifter) (Vaults:3)
  12 water elementals
  65 yaks
  Eustachio (D:6)
  22 humans (D:13)
  15 vampire mosquitoes
  17 hippogriffs
  2 human simulacra
  6 basilisks
  A mottled dragon (shapeshifter) (D:15)
  2 hungry ghosts
  57 nagas
  20 wolves
  A yaktaur simulacrum (Vaults:2)
  10 wargs
  A mottled dragon (D:15)
  6 wyverns
  2 deep troll zombies
  3 ice beasts
  13 porcupines
  4 sky beasts
  A wasp (D:9)
  2 slaves
  21 water moccasins
  2 ice beasts (shapeshifter)
  A black bear (shapeshifter) (Vaults:5)
  6 black bears
  4 eyes of draining
  2 phantoms
  48 orc warriors
  56 ogres
  13 centaurs
  An orc skeleton (Vaults:1)
  21 crocodiles
  19 big kobolds
  A wyvern zombie (D:13)
  20 giant frogs
  2 glowing shapeshifter simulacra
  A gnoll sergeant (D:5)
  A human skeleton (Vaults:1)
  A boulder beetle zombie (Vaults:2)
  A water moccasin skeleton (D:9)
  12 scorpions
  42 killer bees
  2 electric eels
  8 wights
  3 jellies
  14 crimson imps
  A giant frog zombie (D:10)
  A quasit (D:8)
  Crazy Yiuf (D:6)
  4 giant frog skeletons
  39 orc priests
  8 hounds
  A boulder beetle simulacrum (Vaults:2)
  50 orc wizards
  6 iguanas
  14 worker ants
  30 sheep
  A hound skeleton (D:4)
  2 worker ant zombies
  10 gnolls
  Robin (D:4)
  14 adders
  6 shadow imps
  46 river rats
  4 white imps (D:15)
  2 oozes
  4 adder skeletons
  An adder zombie (D:9)
  2 worms (D:3)
  4 giant geckos
  238 orcs
  3 bats
  10 giant cockroaches
  14 hobgoblins
  14 jackals
  3 quokkas
  A ball python (D:6)
  6 giant newts
  12 goblins
  65 kobolds
  A quokka skeleton (D:5)
  10 rats
  A butterfly (Lair:6)
  A fire vortex (Vaults:4)
  9 fungi
  2 plants
  3 tentacles (Shoals:4)
  2 tentacle segments (Shoals:4)
2316 creatures vanquished.

Vanquished Creatures (collateral kills)
  A quicksilver dragon (Vaults:5)
  A vault warden (Vaults:5)
  A very ugly thing (Vaults:4)
  3 vault guards
  4 harpies (Shoals:4)
  A yak (D:11)
  A warg (D:11)
  A water moccasin (D:11)
  An orc warrior (Orc:2)
  A hound (D:11)
  2 orc priests (Orc:4)
  An orc wizard (Orc:4)
  2 orcs
  A crawling corpse (Elf:3)
21 creatures vanquished.

Vanquished Creatures (others)
  A black mamba (Snake:2)
  An orc warrior (D:11)
  12 bushes (Lair:8)
  56 fire vortices
  38 fungi
  36 plants
  6 tentacles (Shoals:4)
  260 tentacle segments (Shoals:4)
410 creatures vanquished.

Grand Total: 2747 creatures vanquished

Notes
Turn   | Place    | Note
--------------------------------------------------------------
     0 | D:1      | truemonolith the Deep Elf Conjurer began the quest for the Orb.
     0 | D:1      | Reached XP level 1. HP: 10/10 MP: 6/6
   133 | D:1      | Reached XP level 2. HP: 4/15 MP: 0/9
   595 | D:1      | Reached XP level 3. HP: 17/19 MP: 0/11
   717 | D:1      | Reached skill level 5 in Spellcasting
  1524 | D:2      | Found a sacrificial altar of Ru.
  1549 | D:2      | Reached XP level 4. HP: 21/24 MP: 2/13
  1718 | D:2      | Reached skill level 6 in Spellcasting
  1721 | D:2      | Found a white marble altar of Elyvilon.
  1842 | D:2      | Learned a level 3 spell: Dazzling Spray
  1949 | D:2      | Found a blossoming altar of Fedhas.
  2218 | D:3      | Reached skill level 7 in Spellcasting
  2355 | D:3      | Reached XP level 5. HP: 28/28 MP: 14/16
  2644 | D:3      | Reached skill level 8 in Spellcasting
  3272 | D:3      | Reached XP level 6. HP: 32/32 MP: 12/19
  3720 | D:3      | Learned a level 5 spell: Iskenderun's Battlesphere
  3725 | D:3      | Learned a level 4 spell: Iskenderun's Mystic Blast
  3888 | D:4      | Reached skill level 5 in Conjurations
  4025 | D:4      | Noticed Robin
  4031 | D:4      | Killed Robin
  4144 | D:4      | Found a staircase to the Ecumenical Temple.
  4257 | Temple   | Entered the Ecumenical Temple
  4533 | D:4      | Noticed Pikel
  5118 | D:4      | Reached XP level 7. HP: 32/36 MP: 1/20
  6207 | D:4      | Reached skill level 9 in Conjurations
  6207 | D:4      | Reached XP level 8. HP: 33/41 MP: 0/22
  6956 | D:4      | Upgraded the game from 0.17-a0-2002-g92c7e20 to 0.17-a0-2014-g32cd421
  7040 | D:5      | Entered Level 5 of the Dungeon
  7112 | D:5      | Found a radiant altar of Vehumet.
  7115 | D:5      | Became a worshipper of Vehumet
  7242 | D:4      | Killed Pikel
  7242 | D:4      | Reached skill level 11 in Conjurations
  7950 | D:5      | Found a glowing silver altar of Zin.
  7950 | D:5      | Found a glowing golden altar of the Shining One.
  8381 | D:5      | Found a shimmering altar of Xom.
  8391 | D:5      | Reached skill level 1 in Charms
  8418 | D:5      | Reached piety under Vehumet
  8418 | D:5      | Offered knowledge of Shock by Vehumet.
  8418 | D:5      | Reached XP level 9. HP: 45/45 MP: 16/23
  8463 | D:6      | Noticed Eustachio
  8636 | D:6      | Killed Eustachio
  8770 | D:6      | Reached skill level 5 in Charms
  9036 | D:6      | Noticed Crazy Yiuf
  9038 | D:6      | Killed Crazy Yiuf
  9667 | D:7      | Noticed Joseph
  9673 | D:7      | Killed Joseph
 10206 | D:7      | Reached skill level 10 in Charms
 10733 | D:8      | Noticed Prince Ribbit
 10737 | D:8      | Killed Prince Ribbit
 10737 | D:8      | Reached skill level 5 in Dodging
 10796 | D:8      | Offered knowledge of Throw Flame by Vehumet.
 10963 | D:8      | Reached XP level 10. HP: 50/50 MP: 13/24
 11141 | D:8      | Learned a level 2 spell: Throw Flame
 11942 | D:8      | Found a burning altar of Makhleb.
 12161 | D:8      | Found a bloodstained altar of Trog.
 12228 | D:8      | Offered knowledge of Throw Frost by Vehumet.
 12668 | D:8      | Reached skill level 10 in Dodging
 12919 | D:9      | Noticed Erolcha
 13097 | D:9      | Found a shadowy altar of Dithmenos.
 13278 | D:9      | Reached ** piety under Vehumet
 13381 | D:8      | Reached skill level 10 in Spellcasting
 13894 | D:9      | Found Kaagioga's Magic Scroll Shoppe.
 13897 | D:9      | Bought a scroll of identify for 26 gold pieces
 13897 | D:9      | Bought a scroll of teleportation for 39 gold pieces
 13897 | D:9      | Bought a scroll of identify for 26 gold pieces
 13897 | D:9      | Bought a scroll of identify for 26 gold pieces
 14004 | D:9      | Offered knowledge of Inner Flame by Vehumet.
 14035 | D:9      | Reached XP level 11. HP: 54/54 MP: 22/28
 14069 | D:9      | Reached skill level 1 in Fire Magic
 14710 | D:9      | Killed Erolcha
 15072 | D:9      | Reached skill level 5 in Fire Magic
 15073 | D:9      | Reached *** piety under Vehumet
 15285 | D:9      | Offered knowledge of Lightning Bolt by Vehumet.
 15394 | D:10     | Entered Level 10 of the Dungeon
 16163 | D:10     | Noticed a hill giant
 16175 | D:10     | Killed a hill giant
 16222 | D:10     | Found a staircase to the Lair.
 16226 | Lair:1   | Entered Level 1 of the Lair of Beasts
 16358 | Lair:1   | Found a labyrinth entrance.
 16378 | Lab      | Entered a labyrinth
 16399 | Lab      | Killed an unseen horror
 17008 | Lab      | Noticed a minotaur
 17029 | Lab      | Killed a minotaur
 17029 | Lab      | Reached skill level 12 in Spellcasting
 17215 | Lair:1   | Noticed a six-headed hydra
 17219 | Lair:1   | Killed a six-headed hydra
 17476 | Lair:1   | Reached skill level 13 in Spellcasting
 17502 | Lair:1   | Reached XP level 12. HP: 59/59 MP: 22/31
 18465 | Lair:2   | Reached skill level 14 in Spellcasting
 19077 | Lair:2   | Noticed an eight-headed hydra
 19082 | Lair:2   | Killed an eight-headed hydra
 19101 | Lair:2   | Reached skill level 15 in Spellcasting
 20434 | Lair:3   | Offered knowledge of Force Lance by Vehumet.
 20554 | Lair:3   | Gained mutation: You have supernaturally acute eyesight. [potion of beneficial mutation]
 20555 | Lair:3   | Gained mutation: You are covered in fur (AC +1). [potion of beneficial mutation]
 21038 | Lair:3   | Noticed a seven-headed hydra
 21041 | Lair:3   | Killed a seven-headed hydra
 21082 | Lair:3   | Noticed an eight-headed hydra
 21956 | Lair:3   | Killed an eight-headed hydra
 22267 | Lair:4   | Reached XP level 13. HP: 63/63 MP: 21/34
 22627 | Lair:4   | Found a sacrificial altar of Ru.
 22635 | Lair:4   | Got an ichor-stained falchion
 22640 | Lair:4   | Identified the +4 falchion of Hifath {slice, MR+ Int+4} (You found it on level 4 of the Lair of Beasts)
 23948 | Lair:5   | Found a staircase to the Snake Pit.
 24526 | Lair:5   | Found a staircase to the Shoals.
 24928 | Lair:6   | Found an opulent altar of Gozag.
 24934 | Lair:6   | Noticed tp1's ghost (journeyman GrBe)
 24945 | Lair:6   | Killed tp1's ghost
 25122 | Lair:6   | Offered knowledge of Throw Icicle by Vehumet.
 27018 | Lair:6   | Reached skill level 15 in Conjurations
 27018 | Lair:6   | Reached XP level 14. HP: 59/68 MP: 18/35
 27994 | Lair:7   | Noticed Maud
 28001 | Lair:7   | Killed Maud
 28728 | D:11     | Found Ceoxez's Demolitions Depot.
 28820 | D:11     | Reached skill level 16 in Spellcasting
 29178 | D:11     | Found Nuxkoolono's Weapon Emporium.
 29204 | D:11     | Offered knowledge of Spellforged Servitor by Vehumet.
 29213 | D:11     | Learned a level 7 spell: Spellforged Servitor
 30154 | D:11     | Found a staircase to the Orcish Mines.
 30291 | D:12     | Found Dous's Book Boutique.
 30318 | D:12     | Reached skill level 1 in Summonings
 30390 | D:12     | Found Hojabot's Antique Weapon Emporium.
 30521 | D:12     | Found Yhapn's Book Emporium.
 30741 | D:12     | Found Niughiuc's Jewellery Boutique.
 31170 | Orc:1    | Entered Level 1 of the Orcish Mines
 31982 | Orc:2    | Reached skill level 5 in Summonings
 32569 | Orc:2    | Offered knowledge of Ozocubu's Refrigeration by Vehumet.
 32615 | Orc:3    | Found a staircase to the Elven Halls.
 32625 | Orc:3    | Reached skill level 15 in Dodging
 33617 | Orc:4    | Entered Level 4 of the Orcish Mines
 34009 | Orc:4    | Offered knowledge of Conjure Ball Lightning by Vehumet.
 34577 | Orc:3    | Found a roughly hewn altar of Beogh.
 34672 | Orc:4    | Noticed an orc warlord
 34673 | Orc:4    | Noticed Rupert
 35411 | Orc:4    | Killed an orc warlord
 36802 | Orc:4    | Noticed an orc warlord
 36872 | Orc:4    | Learned a level 7 spell: Orb of Destruction
 36999 | Orc:4    | Reached XP level 15. HP: 63/72 MP: 31/37
 37185 | Orc:4    | Killed an orc warlord
 37374 | Orc:4    | Reached skill level 17 in Dodging
 37551 | Orc:4    | Offered knowledge of Bolt of Cold by Vehumet.
 37578 | Orc:4    | Found Dohuovur's Jewellery Emporium.
 37689 | Orc:4    | Killed Rupert
 37876 | Orc:4    | Found Vackiu's Antique Armour Boutique.
 37877 | Orc:4    | Found Mips's Antique Weapon Boutique.
 37879 | Orc:4    | Found Yxaoshek's General Store.
 37879 | Orc:4    | Found Xamm's Book Shop.
 37983 | Orc:4    | Bought an ichor-stained cloak for 285 gold pieces
 38005 | Orc:4    | Identified the +1 cloak of the Gastropod {Regen+} (You bought it in a shop on level 4 of the Orcish Mines)
 38024 | Orc:4    | Bought a fine short sword for 256 gold pieces
 38027 | Orc:4    | Identified the cursed +1 short sword "Cuboha" {pierce, Int+3} (You bought it in a shop on level 4 of the Orcish Mines)
 38336 | Lair:7   | Found a viscous altar of Jiyva.
 38341 | Lair:7   | Found a staircase to the Slime Pits.
 39734 | Lair:8   | Entered Level 8 of the Lair of Beasts
 41216 | Lair:8   | Offered knowledge of Poisonous Cloud by Vehumet.
 42025 | Lair:8   | Reached skill level 18 in Conjurations
 43521 | D:13     | Reached skill level 1 in Fighting
 43758 | D:13     | Found a gate to the Vaults.
 43768 | D:13     | Reached XP level 16. HP: 66/82 MP: 16/38
 44254 | D:13     | Found a portal to a secret trove of treasure.
 44628 | D:13     | Found a deep blue altar of Sif Muna.
 44765 | D:13     | Reached skill level 5 in Fighting
 45247 | D:14     | Offered knowledge of Lehudib's Crystal Spear by Vehumet.
 45247 | D:14     | Offered knowledge of Fire Storm by Vehumet.
 45247 | D:14     | Offered knowledge of Shatter by Vehumet.
 45267 | D:14     | Learned a level 9 spell: Fire Storm
 45830 | D:14     | Noticed Snorg
 45840 | D:14     | Killed Snorg
 46077 | D:14     | Noticed Nessos
 46240 | D:14     | Killed Nessos
 46358 | D:14     | Noticed Louise
 46363 | D:14     | Killed Louise
 46769 | D:15     | Entered Level 15 of the Dungeon
 48417 | D:15     | Got a twisted leather armour
 48419 | D:15     | Identified the +0 leather armour of the Komtur {+Fly MR+} (You found it on level 15 of the Dungeon)
 48512 | D:15     | Noticed a quicksilver dragon
 48512 | D:15     | a sphinx changed into a quicksilver dragon
 48515 | D:15     | a quicksilver dragon changed into a fire giant
 48868 | D:15     | Found a staircase to the Depths.
 49170 | Snake:1  | Entered Level 1 of the Snake Pit
 49433 | Lair:5   | Upgraded the game from 0.17-a0-2014-g32cd421 to 0.17-a0-2027-gcac42c4
 49656 | Lair:5   | Upgraded the game from 0.17-a0-2027-gcac42c4 to 0.17-a0-2055-gb4e23be
 49932 | Snake:1  | Reached skill level 10 in Fighting
 50652 | Snake:1  | Found a shimmering altar of Xom.
 50696 | Snake:1  | Got a translucent falchion
 50697 | Snake:1  | Identified the cursed +1 falchion "Inuyzem" {flame, rF+ Int+7} (You found it on level 1 of the Snake Pit)
 50740 | Snake:1  | Reached XP level 17. HP: 103/103 MP: 34/39
 51245 | Snake:2  | Found a white marble altar of Elyvilon.
 53843 | Snake:3  | Found a frozen archway.
 55008 | Snake:3  | Reached skill level 10 in Fire Magic
 55505 | Snake:4  | Entered Level 4 of the Snake Pit
 57179 | Snake:4  | Reached XP level 18. HP: 112/112 MP: 39/40
 57312 | Snake:3  | Reached skill level 19 in Conjurations
 58577 | Snake:4  | Got a serpentine rune of Zot
 59003 | Shoals:1 | Entered Level 1 of the Shoals
 59300 | Shoals:1 | Got a pitted leather armour
 59323 | Shoals:1 | Identified the cursed +1 leather armour of Valour {rF+ MP+9 Int+2} (You found it on level 1 of the Shoals)
 59699 | Shoals:1 | Noticed Aizul
 59709 | Shoals:1 | Killed Aizul
 61257 | Shoals:3 | Noticed Polyphemus
 61263 | Shoals:3 | Noticed Donald
 61787 | Shoals:3 | Killed Polyphemus
 62042 | Shoals:3 | Reached skill level 15 in Fire Magic
 62508 | Shoals:4 | Entered Level 4 of the Shoals
 62508 | Shoals:4 | Noticed Ilsuiw
 62519 | Shoals:4 | Noticed Mara
 62521 | Shoals:4 | Noticed truemonolith's illusion
 62526 | Shoals:4 | Killed Mara
 64058 | Shoals:4 | Found Jyesuf's Weapon Shoppe.
 64063 | Shoals:4 | Reached XP level 19. HP: 116/116 MP: 41/41
 64419 | Shoals:4 | Killed Ilsuiw
 65037 | Shoals:4 | Upgraded the game from 0.17-a0-2055-gb4e23be to 0.17-a0-2064-g265a032
 65187 | Shoals:3 | Killed Donald
 65190 | Shoals:3 | Got a distressingly furry shield {Donald}
 65473 | D:12     | Bought a book of the Sky for 975 gold pieces
 65480 | D:12     | Learned a level 6 spell: Deflect Missiles
 65581 | D:12     | Identified the +4 shield of the Snake Pit {rN+} (You took it off Donald on level 3 of the Shoals)
 66118 | Shoals:4 | Reached skill level 1 in Air Magic
 66395 | Shoals:4 | Learned a level 2 spell: Blink
 67451 | Shoals:4 | Got a barnacled rune of Zot
 67567 | Shoals:4 | Reached skill level 5 in Air Magic
 68322 | Vaults:1 | Entered Level 1 of the Vaults
 69182 | Vaults:1 | Noticed Asterion
 69188 | Vaults:1 | Killed Asterion
 69290 | Vaults:1 | Identified Riruic's Volume of Confrontation
 69296 | Vaults:1 | Found Zusod's General Store.
 69301 | Vaults:1 | Bought a scroll of identify for 34 gold pieces
 69301 | Vaults:1 | Bought a scroll of identify for 34 gold pieces
 70834 | Vaults:1 | Got a brightly glowing war axe
 70835 | Vaults:1 | Identified the +10 war axe of the Spheres {freeze, +Inv} (You found it on level 1 of the Vaults)
 71404 | Vaults:1 | Reached XP level 20. HP: 121/121 MP: 8/45
 72399 | Vaults:1 | Reached skill level 20 in Spellcasting
 73913 | Vaults:2 | Identified a scroll of acquirement
 76157 | Vaults:2 | Reached skill level 1 in Shields
 76786 | Vaults:3 | Reached skill level 1 in Hexes
 77637 | Vaults:3 | Noticed Frederick
 77646 | Vaults:3 | Killed Frederick
 77873 | Vaults:3 | Found a staircase to the Crypt.
 77873 | Vaults:3 | Found a basalt altar of Yredelemnul.
 77874 | Vaults:3 | Found an ancient bone altar of Kikubaaqudgha.
 78727 | Vaults:3 | Reached XP level 21. HP: 126/126 MP: 47/47
 81508 | Vaults:4 | Reached skill level 21 in Conjurations
 83645 | Elf:1    | Entered Level 1 of the Elven Halls
 84116 | Elf:1    | Found Iproyx's Armour Emporium.
 84536 | Elf:2    | Reached skill level 1 in Armour
 85001 | Elf:2    | Found a runed gate.
 85001 | Elf:2    | Found a runed gate.
 85001 | Elf:2    | Found a runed gate.
 85773 | Elf:2    | Reached XP level 22. HP: 132/132 MP: 48/48
 85842 | Elf:2    | Reached skill level 5 in Armour
 86053 | Elf:3    | Entered Level 3 of the Elven Halls
 86181 | Elf:3    | Found Qeecus's Distillery.
 86402 | Elf:3    | Noticed Jorgrun
 86411 | Elf:3    | Killed Jorgrun
 88450 | Elf:3    | Identified The Almanac of Greatest Risks and Utility (You found it on level 3 of the Elven Halls)
 88536 | Elf:3    | Got a fine dagger
 88541 | Elf:3    | Got a slimy cloak
 88570 | Elf:3    | Learned a level 2 spell: Call Imp
 88920 | Lair:2   | Identified the +1 cloak of Theory {rC+ MP-9 Int+6 Dex-2} (You found it on level 3 of the Elven Halls)
 89436 | Vaults:5 | Entered Level 5 of the Vaults
 89440 | Vaults:5 | Reached skill level 22 in Spellcasting
 90675 | Vaults:5 | Reached skill level 23 in Spellcasting
 90869 | Vaults:5 | Reached XP level 23. HP: 137/137 MP: 33/52
 90874 | Vaults:5 | Noticed an ancient lich
 90922 | Vaults:5 | HP: 3/139 [yaktaur captain/bolt (42)]
 90947 | Vaults:5 | Blown up by a lich

Vault maps used:
D:1:      lightli_arrival_statuegarden
D:2:      overflow_temple_1_default, lemuel_doored_altar, fedhas_altar_4
D:4:      minmay_goblin_kobold_castle, temple_fountains, uniq_pikel, uniq_robin
D:5:      led_xom_imps, kennysheep_mini_moat, gammafunk_temple_overflow_statue,
          first_bread
D:6:      uniq_eustachio, uniq_crazy_yiuf_cottage
D:7:      uniq_joseph
D:8:      nicolae_overflow_crystal_walls, trog_eyes_of_draining, the_bakery,
          interstate_on_off, lightli_minifort, uniq_prince_ribbit1
D:9:      nicolae_overflow_hidden_temple, special_room, serial_shops,
          kennysheep_mini, uniq_erolcha
D:10:     lair_0_dummy
D:11:     minmay_orc_entry_guard_dogs, serial_shops, shop_statue, special_room,
          minmay_misc_feat_tower, minmay_strange_pillars, nicolae_blasting_shop
D:12:     serial_shops, shop_fountains, shop_statue, shop,
          nicolae_shop_window_shopping
D:13:     grunt_vaults_entry_tiered, nicolae_trove_entry_crossroad, basic_altar,
          nicolae_twisting_strands, spider_trap
D:14:     solitary_fountain, uniq_snorg, uniq_louise, uniq_nessos
D:15:     gammafunk_enter_depths_forms, hangedman_decor_clover_reticule,
          minmay_misc_feat_plants, minmay_misc_feat_four_crosses,
          minmay_fire_ice_demons
Temple:   chambers_temple_10
Lair:1:   lab_entry_generic, serial_bayou_shore_b, serial_bayou_shore_b
Lair:4:   basic_altar, infiniplex_staircase_pool
Lair:5:   elwin_shoals_entry_rooms, minmay_snake_entry_guardpost_large,
          enter_volcano_3
Lair:6:   basic_altar, lemuel_fruit_tree, lemuel_fruit_fields
Lair:7:   slime_altar_1, nicolae_lair_yak_garden, serial_bayou_shore_b,
          serial_bayou_shore_b, grunt_megastairs_5, uniq_maud
Lair:8:   grunt_lair_end_beastmaster
Shoals:1: uniq_aizul
Shoals:3: uniq_polyphemus, uniq_donald
Shoals:4: serial_shops, shop, shoals_end_simple, shoal_ilsuiw,
          nicolae_shoals_kraken_intersection, uniq_mara
Snake:1:  basic_altar
Snake:2:  basic_altar
Snake:3:  kennysheep_six_static_rooms, portal_ice_cave_entry_pillars_02
Snake:4:  snake_pit
Orc:3:    nicolae_orc_pool_cavern, minmay_orc_temple_a
Orc:4:    st_orc_congregation, serial_shops, nicolae_shop_stone, uniq_rupert
Elf:1:    eino_elf_arrival_shootout, serial_shops, shop, hangedman_elf_represent
Elf:2:    serial_sigils, serial_sigils_hangedman_gut,
          serial_sigils_hangedman_gut, serial_sigils_hangedman_confine,
          serial_sigils_hangedman_quiver, minmay_misc_feat_five
Elf:3:    minmay_elf_hall_circle, serial_shops, nicolae_shop_crystal,
          uniq_jorgrun
Vaults:1: nicolae_vaults_hallways_thing, nicolae_vaults_border_crossing,
          v_misc_16, vaults_dpeg_spiral, v_misc_33, vaults_mumra_hex,
          v_alt_pattern_5, v_misc_12, vaults_mumra_chevron,
          grunt_vaults_hallway_short, vaults_dpeg_encased_lava,
          vaults_dpeg_hooks, st_check, nicolae_vaults_shelves_hall,
          serial_shops, shop, serial_glass, uniq_asterion
Vaults:2: nicolae_vaults_stairing_the_circle, ontoclasm_vaults_ring_small,
          nicolae_vaults_little_squares_3, ontoclasm_vaults_pinch,
          hangedman_vaults_maws, vaults_mumra_minichess_inversion,
          nicolae_vaults_yaktaur_gun_rack, nicolae_vaults_gold_heap, v_misc_10,
          v_rooms_4, hangedman_vaults_impose, nicolae_vaults_rhombus_5,
          vaults_room_hallway
Vaults:3: hangedman_vaults_maws, minmay_crypt_entry_necro_gods, v_alt_pattern_3,
          hangedman_vaults_nodes, nicolae_vaults_minivaults, grunt_vaults_swirl,
          vaults_mumra_hexcomb, hangedman_vaults_impose, v_misc_1, v_misc_26,
          v_misc_25, nicolae_vaults_little_squares_2, vaults_room_pools,
          uniq_frederick
Vaults:4: nicolae_vaults_windows_and_doors_thing, v_alt_pattern_1,
          hangedman_vaults_river_flow, vaults_room_stairs_pillars, v_misc_14,
          hangedman_vaults_stagger, nicolae_vaults_three_branches, serial_ice_b,
          ontoclasm_vaults_loading_screen, v_pattern_2, vaults_room_hallway,
          st_cross
Lab:      labyrinth_spiral, nicolae_lab_stuck, nicolae_lab_swirl,
          nicolae_lab_checkerboard

Action                   |  1- 3 |  4- 6 |  7- 9 | 10-12 | 13-15 | 16-18 | 19-21 | 22-24 || total
-------------------------+-------+-------+-------+-------+-------+-------+-------+-------++-------
Melee: Long sword        |       |     2 |    19 |    23 |    14 |       |       |       ||    58
       Falchion          |       |       |       |       |     1 |       |       |       ||     1
       Staff             |       |       |       |       |     3 |       |       |       ||     3
       Lance             |       |       |       |       |     1 |    11 |    22 |     5 ||    39
 Cast: Magic Dart        |    92 |   144 |   238 |   264 |   143 |    17 |     4 |       ||   902
       Dazzling Spray    |       |    25 |    49 |    19 |    45 |    11 |     3 |       ||   152
       Iskenderun's Myst |       |       |    31 |   191 |   737 |   927 |  1151 |   198 ||  3235
       Iskenderun's Batt |       |       |    13 |    83 |   201 |   209 |   234 |    42 ||   782
       Spellforged Servi |       |       |       |       |    10 |     5 |     5 |     1 ||    21
       Orb of Destructio |       |       |       |       |    47 |    51 |   121 |    28 ||   247
       Blink             |       |       |       |       |       |       |     7 |    10 ||    17
       Deflect Missiles  |       |       |       |       |       |       |     7 |     3 ||    10
       Fire Storm        |       |       |       |       |       |       |     4 |    24 ||    28
       Call Imp          |       |       |       |       |       |       |       |    14 ||    14
Evoke: Wand              |       |       |       |     2 |       |       |       |       ||     2
  Use: Scroll            |     2 |     8 |     4 |    20 |    20 |    19 |    17 |     3 ||    93
       Potion            |       |     1 |     1 |     8 |     2 |     8 |    10 |    12 ||    42
  Eat: Chunk             |     1 |     1 |     3 |    11 |    12 |     8 |    19 |     7 ||    62
       Meat ration       |       |     2 |     2 |     1 |     9 |     7 |     4 |     2 ||    27
       Bread ration      |       |     1 |     1 |     5 |     3 |     4 |     4 |       ||    18
       Royal jelly       |       |       |       |     2 |     4 |       |     5 |     1 ||    12
       Fruit             |       |       |       |     2 |     3 |       |    14 |       ||    19
       Pizza             |       |       |       |     1 |       |     4 |       |       ||     5
       Beef jerky        |       |       |       |       |     1 |     2 |     7 |     3 ||    13
